 Dungeon Crawl Stone Soup version 0.25-a0-705-ge9988fc0fb (webtiles) character file.

Game seed: 2535784493857348030, levelgen mode: deterministic

432824 MordorOrchid the Champion of Chaos (level 23, -22/358 HPs)
             Began as a Gnoll Fighter on Apr 2, 2020.
             Was the Champion of Makhleb.
             Blown up by a cacodemon (31 damage)
             ... with a bolt of energy
             ... in Pandemonium on Apr 4, 2020.
             The game lasted 06:34:17 (25902 turns).

MordorOrchid the Champion of Chaos (Gnoll Fighter) Turns: 25902, Time: 06:34:18

Health: -22/358    AC: 32    Str: 19    XL:     23   Next: 60%
Magic:  9/56       EV: 24    Int: 30    God:    Makhleb [******]
Gold:   3528       SH: 25    Dex: 16    Spells: 4/52 levels left

rFire    + + .     SeeInvis .   a - +8 mithril axe "Arga" {speed, MR+}
rCold    + . .     Gourm    .   c - +5 kite shield
rNeg     + . .     Faith    .   (armour currently unavailable)
rPois    ∞         Spirit   .   o - +3 hat of Pondering {ponderous, MR+ MP+10 Int+5}
rElec    +         Reflect  +   r - scarf {rC+ rF+}
rCorr    .         Harm     .   (gloves currently unavailable)
MR       +++..                  (boots currently unavailable)
Stlth    ..........             E - amulet "Abryil" {Reflect Int+5 SH+6}
HPRegen  0.69/turn              C - ring "Seniral" {+Inv rElec rF+ Int+3}
MPRegen  0.35/turn              e - ring of magical power

@: berserking, statue-form, studying Invocations, slow
A: distributed training, fangs 1, low mp 1, weak 1, strong nose
}: 3/15 runes: barnacled, slimy, gossamer
a: End Transformation, Minor Destruction, Lesser Servant of Makhleb, Major
Destruction, Greater Servant of Makhleb, Renounce Religion, Evoke Invisibility


You were in Pandemonium.
You worshipped Makhleb.
Makhleb was exalted by your worship.
You were not hungry.
You were a stone statue.
You visited 11 branches of the dungeon, and saw 45 of its levels.
You visited Pandemonium 1 time, and saw 7 of its levels.
You visited 1 bazaar.
You also visited: Trove, Gauntlet, Volcano and Desolation.

You collected 6683 gold pieces.
You spent 3155 gold pieces at shops.

Inventory:

Hand Weapons
 a - the +8 mithril axe "Arga" (weapon) {speed, MR+}
   (You found it on level 5 of the Dungeon)

   Attacks with this weapon are significantly faster.
   It affects your resistance to hostile enchantments.
 p - the +6 trident "Earthworm" {venom, rC++ Int-3}
   (You found it in a Gauntlet)

   It poisons the flesh of those it strikes.
   It affects your intelligence (-3).
   It greatly protects you from cold.
 y - a +9 quick blade of flaming
Missiles
 i - 14 atropa-tipped darts
 z - 5 boomerangs of dispersal
 D - 25 boomerangs
 F - 41 javelins (quivered)
 K - 7 datura-tipped darts
 Q - 6 throwing nets
Armour
 b - a +2 pair of gloves of archery (melded)
 c - a +5 kite shield (worn)
 o - the +3 hat of Pondering (worn) {ponderous, MR+ MP+10 Int+5}
   (You took it off Gastronok on level 2 of the Lair of Beasts)

   It affects your intelligence (+5).
   It affects your resistance to hostile enchantments.
   It affects your magic capacity (+10).
 r - a scarf of resistance (worn)
 L - the +6 faerie dragon scales (melded) {rElec rPois rCorr Dex-4}
   (You took it off the Enchantress on level 2 of the Depths)

   It affects your dexterity (-4).
   It insulates you from electricity.
   It protects you from poison.
   It provides partial protection from all sources of acid and corrosion.
 X - the +1 pair of boots "Arossas" (melded) {Dex+3 Stlth+}
   (You found it on level 5 of the Pits of Slime)

   It affects your dexterity (+3).
   It makes you more stealthy.
Magical Staves
 x - an uncursed staff of energy
Jewellery
 e - a ring of magical power (right hand)
 w - the ring "Qisuti" {rElec rF- rC+ rN++ Int+4}
   (You found it on level 2 of the Orcish Mines)

   [ring of intelligence]

   It affects your intelligence (+4).
   It makes you vulnerable to fire.
   It protects you from cold.
   It insulates you from electricity.
   It greatly protects you from negative energy.
 C - the ring "Seniral" (left hand) {+Inv rElec rF+ Int+3}
   (You found it in a Gauntlet)

   [ring of protection from fire]

   It affects your intelligence (+3).
   It protects you from fire.
   It insulates you from electricity.
   It lets you turn invisible.
 E - the amulet "Abryil" (around neck) {Reflect Int+5 SH+6}
   (You found it in the Desolation of Salt)

   [amulet of reflection]

   It shields you and reflects attacks.
   It affects your intelligence (+5).
   It affects your SH (+6).
Wands
 g - a wand of clouds (5)
 n - a wand of enslavement (21)
 O - a wand of paralysis (24)
 R - a wand of iceblast (24)
 T - a wand of polymorph (40)
 U - a wand of acid (14)
Scrolls
 h - 2 scrolls of remove curse
 j - 5 scrolls of immolation
 A - 15 scrolls of teleportation
 H - 6 scrolls of fog
 I - 5 scrolls of fear
 W - 5 scrolls of blinking
 Y - a scroll of identify
 Z - 5 scrolls of magic mapping
Potions
 d - a potion of might
 l - 3 potions of haste
 s - 4 potions of stabbing
 t - a potion of cancellation
 u - 12 potions of heal wounds
 v - 2 potions of berserk rage
 B - 15 potions of curing
 G - 4 potions of mutation
 M - a potion of resistance
 S - 4 potions of ambrosia
 V - 2 potions of magic
Books
 N - a manual of Invocations
Miscellaneous
 k - the horn of Geryon
 m - a phial of floods
 q - a tin of tremorstones
 J - 3 boxes of beasts
 P - 4 phantom mirrors
Comestibles
 f - 48 rations


   Skills:
 + Level 16.0 Fighting
 + Level 15.0 Short Blades
 + Level 15.0 Long Blades
 + Level 15.5 Axes
 + Level 15.0 Maces & Flails
 + Level 15.0 Polearms
 + Level 15.0 Staves
 + Level 15.0 Slings
 + Level 15.0 Bows
 + Level 15.0 Crossbows
 + Level 15.0 Throwing
 + Level 16.0 Armour
 + Level 15.0 Dodging
 + Level 15.0 Stealth
 + Level 16.0 Shields
 + Level 15.0 Unarmed Combat
 + Level 15.0 Spellcasting
 + Level 12.9 Conjurations
 + Level 12.9 Hexes
 + Level 12.9 Charms
 + Level 12.9 Summonings
 + Level 12.9 Necromancy
 + Level 12.9 Translocations
 + Level 12.9 Transmutations
 + Level 12.9 Fire Magic
 + Level 12.9 Ice Magic
 + Level 12.9 Air Magic
 + Level 12.9 Earth Magic
 + Level 12.9 Poison Magic
 + Level 17.2 Invocations
 + Level 15.0 Evocations


You had 4 spell levels left.
You knew the following spells:

 Your Spells              Type           Power        Failure   Level  Hunger
c - Conjure Flame         Conj/Fire      #######.     1%          3    None
e - Borgnjor's Vile Clut  Necr/Erth      #######...   1%          5    None
g - Mephitic Cloud        Conj/Pois/Air  #######.     1%          3    None
j - Summon Lightning Spi  Summ/Air       #######.     1%          4    None
p - Passage of Golubria   Tloc           N/A          1%          4    None
r - Irradiate             Conj/Tmut      #######...   1%          5    None
s - Summon Forest         Summ/Tloc      #######...   1%          5    None
u - Animate Skeleton      Necr           N/A          0%          1    None
w - Passwall              Tmut/Erth      #######.     0%          2    None
x - Blink                 Tloc           N/A          0%          2    None
y - Statue Form           Tmut/Erth      #######..    1%          6    ###....
z - Apportation           Tloc           ######       0%          1    None
S - Malign Gateway        Summ/Tloc      #######...   9%          7    #####..

Your spell library contained the following spells:

 Spells                   Type           Power        Failure   Level  Hunger
 Corona                   Hex            #######      0%          1    None
 Magic Dart               Conj           ####         0%          1    None
 Pain                     Necr           ####         0%          1    None
 Shock                    Conj/Air       ####         0%          1    None
 Summon Small Mammal      Summ           ####         0%          1    None
 Call Imp                 Summ           #######.     0%          2    None
 Corpse Rot               Necr/Air       N/A          0%          2    None
 Ensorcelled Hibernation  Hex/Ice        ######       0%          2    None
 Poisonous Vapours        Pois/Air       ######       0%          2    None
 Searing Ray              Conj           ######       0%          2    None
 Slow                     Hex            #######.     0%          2    None
 Call Canine Familiar     Summ           #######.     1%          3    None
 Confusing Touch          Hex            #######.     1%          3    None
 Gell's Gravitas          Tloc           #######...   1%          3    None
 Ignite Poison            Fire/Tmut/Pois #######.     1%          3    None
 Inner Flame              Hex/Fire       #######.     1%          3    None
 Lesser Beckoning         Tloc           #######...   1%          3    None
 Portal Projectile        Hex/Tloc       ######       1%          3    None
 Recall                   Summ/Tloc      N/A          1%          3    None
 Spectral Weapon          Hex/Chrm       #######.     1%          3    None
 Stone Arrow              Conj/Erth      ######       1%          3    None
 Summon Guardian Golem    Hex/Summ       #######.     1%          3    None
 Teleport Other           Tloc           #######.     1%          3    None
 Tukima's Dance           Hex            #######.     1%          3    None
 Vampiric Draining        Necr           #######...   1%          3    None
 Airstrike                Air            #######...   1%          4    None
 Animate Dead             Necr           N/A          1%          4    None
 Fulminant Prism          Conj/Hex       #######...   1%          4    None
 Ice Form                 Ice/Tmut       #######.     1%          4    None
 Olgreb's Toxic Radiance  Pois           #######.     1%          4    None
 Petrify                  Tmut/Erth      #######.     1%          4    None
 Sticky Flame             Conj/Fire      #######.     1%          4    None
 Summon Ice Beast         Ice/Summ       #######.     1%          4    None
 Agony                    Necr           #######.     1%          5    None
 Alistair's Intoxication  Tmut/Pois      #######.     1%          5    None
 Aura of Abjuration       Summ           #######...   1%          5    None
 Metabolic Englaciation   Hex/Ice        #######...   1%          5    None
 Silence                  Hex/Air        #######...   1%          5    None
 Summon Demon             Summ           #######...   1%          5    None
 Summon Mana Viper        Hex/Summ       #######.     1%          5    None
 Yara's Violent Unravell  Hex/Tmut       #######...   1%          5    None
 Darkness                 Hex            #######...   1%          6    ###....
 Dispersal                Tloc           #######...   1%          6    ###....
 Eringya's Noxious Bog    Tmut/Pois      #######...   1%          6    ###....
 Freezing Cloud           Conj/Ice/Air   #######...   1%          6    ###....
 Hydra Form               Tmut           #######...   1%          6    ###....
 Ozocubu's Refrigeration  Ice            #######...   1%          6    ###....
 Shadow Creatures         Summ           N/A          1%          6    ###....
 Simulacrum               Ice/Necr       #######...   1%          6    ###....
 Dragon Form              Tmut           #######...   9%          7    #####..
 Summon Hydra             Summ           #######...   9%          7    #####..
 Controlled Blink         Tloc           N/A          56%         8    ######.
 Disjunction              Tloc           #######...   56%         8    ######.
 Shatter                  Erth           #######...   100%        9    #######


Dungeon Overview and Level Annotations

Branches:
Dungeon (15/15)            Temple (1/1) D:6            Lair (5/6) D:11
 Shoals (4/4) Lair:3       Spider (4/4) Lair:2        Slime (5/5) Lair:5
    Orc (2/2) D:12            Elf (3/3) Orc:2        Vaults (2/5) D:13
 Depths (3/5) D:15           Hell (visited)             Tar (0/7) Hell
Volcano (visited)         Desolation (visited)      Gauntlet (visited)
  Crypt: Vaults:2-3     Dis: Hell:1         Geh: Hell:1         Coc: Hell:1

Altars:
Ashenzari
Cheibriados
Dithmenos
Elyvilon
Fedhas
Gozag
Hepliaklqana
Kikubaaqudgha
Makhleb
Nemelex Xobeh
Okawaru
Qazlal
Ru
Sif Muna
Trog
Vehumet
Wu Jian
Xom
Yredelemnul
Zin
The Shining One
Beogh
Jiyva

Shops:
D:8 (   D:9 :   D:10 }   D:11 ?:   Orc:2 (=!:   Elf:2 =   Elf:3 *
Vaults:1 [}(

Portals:
Hell: Depths:1 Depths:2 Depths:3
Pandemonium: Depths:3

Annotations:
Vaults:2 Xtahua


Innate Abilities, Weirdness & Mutations

Your experience applies equally to all skills.
You have very sharp teeth.
Your uncanny sense of smell can sniff out nearby items.
Your magical capacity is low. (-10% MP)
You are weak. (Str -2)


Message History

The blizzard demon hits you but does no damage.
Your eldritch tentacle slaps the Ice Fiend!
Your eldritch tentacle freezes the Ice Fiend.
The Ice Fiend completely resists.
Your eldritch tentacle claws the Ice Fiend!!
Your eldritch tentacle shocks the Ice Fiend!!
The orange demon stings you but does no damage.
You block the gelid demonspawn's attack.
The ynoxinul gestures.
The large abomination misses you.
Unknown command.
You slice the gelid demonspawn!!
The gelid demonspawn is almost dead.
You hit the large abomination. You closely miss the cacodemon.
You closely miss the blizzard demon.
Your eldritch tentacle slaps the Ice Fiend but does no damage.
Your eldritch tentacle claws the Ice Fiend!
The cacodemon gestures at you. The bolt of energy hits you!!
You die...

## #.# ##.# ...# ##########.###
...## ###.....X...(..##########
....# #....*.268.....##.......#
....######..w1422......'.......#
.....#.###...434#.....##.......#
....##.##....54.#.....##.......#
....#%..#.....5..##.####.......#
...##...##.....3###'####.......#
[..'.....+.....#.......#.......#
#.##.....#....##.......####'####
#.#...........##.......# #...#


You could see an Ice Fiend, a cacodemon, a balrug, a blizzard demon, a sun
demon, a gelid demonspawn (berserk), 3 orange demons, a large abomination, a
ynoxinul, a chaos spawn, 2 ufetubi and a friendly eldritch tentacle.

Vanquished Creatures
  the Royal Jelly (Slime:5)
  3 bone dragons (Depths:2)
  2 pandemonium lords (Pan)
  the Enchantress (Depths:2)
  A Tzitzimitl (Pan)
  A tentacled monstrosity (Hell)
  2 Ice Fiends (Pan)
  Jorgrun (Orc:1)
  2 deep elf blademasters (Elf:3)
  Asterion (Depths:1)
  2 liches (Depths:2)
  A deep elf master archer (Elf:3)
  2 ancient champions (Hell)
  4 Executioners (Pan)
  Kirke (Spider:1)
  9 acid blobs
  A tengu reaver (Depths:1)
  17 azure jellies
  2 vault wardens (Vaults:1)
  2 frost giants
  2 balrugs (Pan)
  A ghost moth (Spider:4)
  4 deep elf sorcerers
  2 corrupters (Pan)
  An imperial myrmidon (Desolation)
  4 deep elf elementalists (Elf:3)
  4 cacodemons
  The ghost of Byowopamp the Geomancer, an adept DEWz of Vehumet (Spider:3)
  7 emperor scorpions
  A warmonger (Pan)
  2 ironheart preservers (Vaults:1)
  2 entropy weavers
  5 reapers
  2 blood saints (Pan)
  3 spriggan defenders
  12 very ugly things
  3 deep elf demonologists
  2 vampire knights (Depths:3)
  2 deep elf annihilators (Elf:3)
  8 stone giants
  Azrael (Orc:2)
  A lorocyproca (Pan)
  A minotaur (Gauntlet)
  A halazid warlock (Desolation)
  3 deep elf death magi (Elf:3)
  5 blizzard demons
  3 merfolk impalers (Shoals:4)
  7 green deaths
  A mummy priest (Depths:2)
  2 fire dragons
  2 merfolk javelineers (Shoals:4)
  2 deep elf high priests (Elf:3)
  3 death oozes (Slime:5)
  3 ettins
  A yaktaur captain (Depths:1)
  A ragged hierophant (Desolation)
  5 vault guards (Vaults:1)
  A servant of whispers (Desolation)
  9 great orbs of eyes
  Fannar (D:12)
  5 rakshasas
  6 ice dragons
  Erolcha (D:9)
  3 ogre magi
  A spriggan air mage (Depths:2)
  2 hell beasts (Pan)
  10 centaur warriors
  4 hydras
  4 peacekeepers (Desolation)
  4 deep troll shamans
  A merfolk avatar (Shoals:4)
  A catoblepas (Depths:2)
  6 merfolk aquamancers
  17 two-headed ogres
  11 dancing weapons
  A tengu warrior (Depths:1)
  9 hell hogs
  A death yak (Depths:2)
  Urug (Orc:2)
  4 satyrs (Shoals:4)
  3 deep troll earth magi
  5 orc high priests
  A shock serpent (shapeshifter) (Vaults:1)
  7 sun demons
  10 deep elf knights
  3 soul eaters
  4 hell knights (Depths:1)
  A fire crab (Volcano)
  A fire crab (shapeshifter) (D:14)
  7 sixfirhies
  20 skeletal warriors
  An iron troll (Depths:1)
  4 shadow demons (Pan)
  A flayed ghost (Depths:3)
  4 sea snakes (Shoals:4)
  A torturous demonspawn (Pan)
  4 unseen horrors
  9 deep trolls
  A harpy (shapeshifter) (Depths:1)
  3 gelid demonspawn (Pan)
  An infernal demonspawn (Pan)
  4 necromancers
  2 lindwurms
  10 deep elf archers
  9 ironbrand convokers
  30 deep elf magi
  8 harpies
  A mana viper (shapeshifter) (Depths:2)
  25 wolf spiders
  9 orc knights
  A phantasmal warrior (Depths:3)
  4 orc sorcerers
  17 orb spiders
  13 fauns
  12 manticores
  37 ugly things
  6 cyclopes
  A moth of wrath (Spider:2)
  4 shining eyes
  A worldbinder (Gauntlet)
  4 eyes of devastation
  2 guardian serpents (Desolation)
  5 rust devils
  A black mamba (shapeshifter) (Elf:2)
  2 centaur zombies (D:15)
  2 vault sentinels (Vaults:1)
  3 water nymphs (Shoals:4)
  4 merfolk sirens
  A naga mage (D:15)
  A black mamba (Lair:4)
  An elephant (shapeshifter) (Depths:2)
  4 gargoyles
  A torpor snail (Spider:3)
  A smoke demon (Pan)
  3 spiny frogs
  2 molten gargoyles (Volcano)
  A human zombie (Vaults:1)
  A hellion (Pan)
  5 orange demons
  An efreet (Pan)
  3 komodo dragons
  A tormentor (Pan)
  2 kobold demonologists
  13 demonic crawlers
  A freezing wraith (D:15)
  17 yaktaurs
  An ice devil (Hell)
  3 hellwings (Pan)
  A red devil (Pan)
  8 merfolk
  19 jumping spiders
  A wind drake (Shoals:2)
  2 guardian mummies (Depths:2)
  5 trolls
  A hydra zombie (Hell)
  A tengu conjurer (D:12)
  7 hornets
  A meliai (D:12)
  31 saltlings (Desolation)
  50 slime creatures
  9 hippogriffs
  A dream sheep (Shoals:4)
  2 centaur simulacra
  52 redbacks
  4 spriggans (Depths:2)
  2 air elementals
  2 vampires
  6 shadows
  21 tarantellas
  9 water elementals
  A ynoxinul (Depths:3)
  A spriggan (shapeshifter) (Depths:1)
  A hog (shapeshifter) (Depths:1)
  12 yaks
  6 wyverns
  4 hungry ghosts
  4 large abominations (Pan)
  A wyvern (shapeshifter) (Depths:1)
  A black mamba skeleton (Hell)
  3 chaos spawn (Pan)
  A human (Spider:1)
  A basilisk (Depths:2)
  5 fire bats (Volcano)
  6 golden eyes (Slime:5)
  7 fire elementals
  A yaktaur simulacrum (Vaults:1)
  A neqoxec (Pan)
  3 wargs
  A soldier ant (D:12)
  7 water moccasins
  2 acid dragons
  11 hell hounds
  4 porcupines
  2 ice beasts
  3 phantoms
  2 sky beasts
  33 orc warriors
  3 eyes of draining
  2 necrophages
  13 ogres
  A black bear (D:12)
  A hornet zombie (D:11)
  A boggart (Gauntlet)
  3 wolves (D:11)
  3 crocodiles (Lair:3)
  29 centaurs
  5 big kobolds
  14 bullfrogs
  5 earth elementals
  2 wyvern skeletons
  3 scorpions
  5 jellies
  15 killer bees
  14 wights
  4 electric eels
  7 crimson imps
  4 howler monkeys
  A bullfrog zombie (D:12)
  5 lava snakes (Volcano)
  2 human simulacra (Vaults:1)
  10 hounds
  5 bullfrog skeletons
  6 centaur skeletons
  35 orc priests
  2 iguanas
  An iron imp (Hell)
  18 orc wizards
  A worker ant (shapeshifter) (Elf:2)
  13 worker ants
  2 mummies (Depths:2)
  2 worker ant zombies
  9 adders
  4 shadow imps
  2 white imps (Hell)
  2 ufetubi (Gauntlet)
  An ooze (D:3)
  A worm (D:3)
  2 dart slugs (D:1)
  6 leopard geckos
  103 orcs
  2 ball pythons (D:3)
  9 bats
  5 giant cockroaches
  8 goblins
  9 hobgoblins
  3 jackals (D:3)
  A quokka (D:6)
  4 frilled lizards
  A giant cockroach zombie (D:5)
  10 kobolds
  10 rats
  A bush (Bazaar)
1429 creatures vanquished.

Vanquished Creatures (collateral kills)
  Dissolution (Slime:3)
  Geryon (Hell)
  A lich (Hell)
  9 acid blobs
  Gastronok (Lair:2)
  A sphinx (Depths:2)
  2 azure jellies (Slime:5)
  2 fire giants
  An imperial myrmidon (Desolation)
  A frost giant (Depths:3)
  A ghost moth (Spider:4)
  2 deep elf sorcerers (Elf:3)
  3 vault wardens (Vaults:1)
  3 emperor scorpions
  A deep elf elementalist (Elf:3)
  A cacodemon (Pan)
  2 reapers (Hell)
  A spriggan defender (Depths:2)
  2 stone giants
  A vampire knight (Depths:3)
  A white draconian (Depths:2)
  A spark wasp (Depths:3)
  An ettin (Depths:3)
  A crystal guardian (Desolation)
  A death ooze (Slime:5)
  A deep elf high priest (Elf:3)
  A yaktaur captain (Depths:2)
  A merfolk impaler (Shoals:4)
  3 ragged hierophants
  The ghost of r0y the Severer, a journeyman HOFi of Beogh (Orc:2)
  A quicksilver dragon skeleton (Hell)
  A rakshasa (Depths:3)
  2 ogre magi
  2 vault guards (Vaults:1)
  4 peacekeepers (Desolation)
  An ice dragon (Vaults:2)
  7 servants of whispers (Desolation)
  3 great orbs of eyes
  A hydra (D:15)
  A catoblepas (Depths:2)
  2 merfolk avatars
  A spriggan air mage (Depths:3)
  A centaur warrior (Depths:3)
  5 merfolk aquamancers
  A deep troll shaman (Depths:2)
  5 two-headed ogres
  3 hell hogs (Hell)
  A vampire mage (Depths:3)
  An orc high priest (Orc:2)
  4 sun demons
  2 deep troll earth magi (Depths:3)
  A soul eater (Hell)
  A spriggan (Depths:2)
  A spriggan berserker (Depths:2)
  4 deep elf knights (Elf:3)
  5 skeletal warriors
  A quicksilver dragon simulacrum (Hell)
  8 sea snakes
  A shadow demon (Pan)
  A deep troll (Depths:3)
  A phantasmal warrior (Depths:3)
  2 orc knights
  A necromancer (Hell)
  6 wolf spiders
  2 shining eyes
  6 orb spiders
  4 deep elf magi (Elf:3)
  A harpy (Shoals:1)
  A cyclops (Shoals:4)
  4 manticores
  4 ugly things (Vaults:1)
  7 fauns
  A black mamba (shapeshifter) (Depths:3)
  2 water nymphs
  2 merfolk sirens
  2 guardian serpents (Desolation)
  A black mamba (Lair:2)
  3 vault sentinels
  A rust devil (Hell)
  An eye of devastation (Slime:4)
  A smoke demon (Hell)
  A hellion (Hell)
  A spiny frog (Lair:2)
  A yaktaur (Depths:3)
  3 komodo dragons
  2 demonic crawlers
  A red devil (Pan)
  3 jumping spiders
  4 hornets
  A polar bear (Lair:2)
  9 merfolk
  28 saltlings
  3 dream sheep (Shoals:4)
  A hippogriff (Shoals:4)
  2 snapping turtles (Shoals:4)
  19 slime creatures
  4 tarantellas
  9 redbacks
  2 ynoxinuls (Pan)
  3 water elementals
  A wyvern (D:14)
  2 fire elementals (Hell)
  A neqoxec (Pan)
  A warg (Orc:2)
  3 hell hounds (Depths:1)
  3 porcupines
  A water moccasin (Lair:2)
  7 orc warriors
  A swamp dragon zombie (Hell)
  A snapping turtle zombie (Hell)
  An ettin simulacrum (Hell)
  A hornet zombie (D:15)
  3 ogres
  2 eyes of draining
  2 centaurs
  2 crocodiles (Lair:3)
  A bullfrog (Lair:3)
  A big kobold (D:13)
  An electric eel (Spider:3)
  A jelly (Depths:2)
  2 orc priests (Orc:2)
  A hound (D:14)
  An iron imp (Hell)
  An orc wizard (Orc:2)
  5 orcs
  A kobold (D:13)
  2 plants
320 creatures vanquished.

Vanquished Creatures (others)
  A deep elf master archer (Elf:3)
  6 eldritch tentacles
  A vampire knight (Depths:1)
  A deep elf demonologist (Elf:3)
  A deep elf death mage (Elf:3)
  A catoblepas (Depths:2)
  A soul eater (Hell)
  A sun demon (Pan)
  A sixfirhy (Pan)
  A sea snake (Shoals:4)
  2 deep elf archers (Elf:3)
  2 deep elf magi
  An orb spider (Spider:2)
  A naga mage (D:15)
  A yaktaur (Depths:3)
  A red devil (Pan)
  2 redbacks (Spider:4)
  2 humans (Spider:1)
  An acid dragon (D:12)
  A demonic plant (Gauntlet)
  A fungus (Lair:3)
  10 plants (Depths:1)
  2 snaplasher vines (Slime:2)
  19 withered plants (Gauntlet)
61 creatures vanquished.

Grand Total: 1810 creatures vanquished

Notes
Turn   | Place    | Note
-------+----------+-------------------------------------------
     0 | D:1      | MordorOrchid the Gnoll Fighter began the quest for the Orb.
     0 | D:1      | Reached XP level 1. HP: 23/23 MP: 1/1
   182 | D:1      | Reached XP level 2. HP: 29/29 MP: 2/2
   223 | D:1      | Reached XP level 3. HP: 35/35 MP: 3/3
   685 | D:2      | Reached skill level 1 in Invocations
   879 | D:3      | Reached skill level 1 in Short Blades
   879 | D:3      | Reached skill level 1 in Long Blades
   879 | D:3      | Reached skill level 1 in Maces & Flails
   879 | D:3      | Reached skill level 1 in Polearms
   879 | D:3      | Reached skill level 1 in Staves
   879 | D:3      | Reached skill level 1 in Slings
   879 | D:3      | Reached skill level 1 in Bows
   879 | D:3      | Reached skill level 1 in Crossbows
   879 | D:3      | Reached skill level 1 in Throwing
   879 | D:3      | Reached skill level 1 in Dodging
   879 | D:3      | Reached skill level 1 in Stealth
   879 | D:3      | Reached skill level 1 in Unarmed Combat
   879 | D:3      | Reached skill level 1 in Spellcasting
   879 | D:3      | Reached skill level 1 in Evocations
   924 | D:3      | Reached XP level 4. HP: 41/41 MP: 5/5
  1434 | D:4      | Noticed a phantom
  1475 | D:4      | Killed a phantom
  1475 | D:4      | Reached skill level 1 in Conjurations
  1475 | D:4      | Reached skill level 1 in Hexes
  1475 | D:4      | Reached skill level 1 in Charms
  1475 | D:4      | Reached skill level 1 in Summonings
  1475 | D:4      | Reached skill level 1 in Necromancy
  1475 | D:4      | Reached skill level 1 in Translocations
  1475 | D:4      | Reached skill level 1 in Transmutations
  1475 | D:4      | Reached skill level 1 in Fire Magic
  1475 | D:4      | Reached skill level 1 in Ice Magic
  1475 | D:4      | Reached skill level 1 in Air Magic
  1475 | D:4      | Reached skill level 1 in Earth Magic
  1475 | D:4      | Reached skill level 1 in Poison Magic
  1475 | D:4      | Reached XP level 5. HP: 37/47 MP: 5/7
  1556 | D:4      | Reached skill level 2 in Invocations
  1556 | D:4      | Reached XP level 6. HP: 37/53 MP: 8/8
  1788 | D:5      | Entered Level 5 of the Dungeon
  1788 | D:5      | Found the +8 mithril axe "Arga" {speed, MR+}
  1821 | D:5      | Reached skill level 5 in Axes
  1872 | D:5      | Reached XP level 7. HP: 59/59 MP: 10/10
  1926 | D:5      | Found an ornate altar of the Wu Jian Council,
  2149 | D:5      | Found a shimmering blue altar of Sif Muna,
  2197 | D:5      | Reached skill level 3 in Invocations
  2334 | D:6      | Found a sacrificial altar of Ru,
  2352 | D:6      | Reached XP level 8. HP: 67/67 MP: 12/12
  2405 | D:6      | Found a stormy altar of Qazlal,
  2456 | D:6      | Found a staircase to the Ecumenical Temple,
  2463 | Temple   | Entered the Ecumenical Temple
  2470 | Temple   | Became a worshipper of Makhleb the Destroyer
  2724 | D:7      | Found a shadowy altar of Dithmenos,
  2724 | D:7      | Found a sacrificial altar of Ru,
  2729 | D:7      | Found a basalt altar of Yredelemnul,
  3009 | D:8      | Noticed a wyvern
  3017 | D:8      | Killed a wyvern
  3073 | D:8      | Found a white marble altar of Elyvilon,
  3158 | D:8      | Reached * piety under Makhleb
  3194 | D:8      | Reached skill level 4 in Invocations
  3394 | D:8      | Reached XP level 9. HP: 72/72 MP: 14/14
  3466 | D:8      | Found a hazy altar of Hepliaklqana,
  3533 | D:8      | Found an opulent altar of Gozag,
  3538 | D:8      | Found Okkoudaz's Weapon Boutique,
  3604 | D:9      | Got a faintly humming leather armour
  3719 | D:9      | Noticed Erolcha
  3725 | D:9      | Killed Erolcha
  3727 | D:9      | Found Qohoen's Book Shop,
  3859 | D:9      | Reached skill level 5 in Invocations
  3875 | D:9      | Reached XP level 10. HP: 64/80 MP: 10/17
  3880 | D:9      | Reached ** piety under Makhleb
  3919 | D:9      | Found an opulent altar of Gozag,
  3920 | D:9      | Found a glowing silver altar of Zin,
  3995 | D:10     | Entered Level 10 of the Dungeon
  4006 | D:10     | Found Nurhadgh's Gadget Emporium,
  4040 | D:10     | Bought a wand of paralysis (4) for 72 gold pieces
  4236 | D:10     | Reached skill level 5 in Short Blades
  4236 | D:10     | Reached skill level 5 in Long Blades
  4236 | D:10     | Reached skill level 5 in Maces & Flails
  4236 | D:10     | Reached skill level 5 in Polearms
  4236 | D:10     | Reached skill level 5 in Staves
  4236 | D:10     | Reached skill level 5 in Slings
  4236 | D:10     | Reached skill level 5 in Bows
  4236 | D:10     | Reached skill level 5 in Crossbows
  4236 | D:10     | Reached skill level 5 in Throwing
  4236 | D:10     | Reached skill level 5 in Dodging
  4236 | D:10     | Reached skill level 5 in Stealth
  4236 | D:10     | Reached skill level 5 in Unarmed Combat
  4236 | D:10     | Reached skill level 5 in Spellcasting
  4236 | D:10     | Reached skill level 5 in Evocations
  4320 | D:10     | Found a portal to a secret trove of treasure,
  4470 | D:10     | Reached *** piety under Makhleb
  4502 | D:10     | Killed an unseen horror
  4538 | D:11     | Found Qoth's Magic Scroll Shop,
  4605 | D:11     | Noticed an eight-headed hydra
  4605 | D:11     | Noticed a cyclops
  4618 | D:11     | Killed an eight-headed hydra
  4618 | D:11     | Reached skill level 6 in Invocations
  4625 | D:11     | Noticed a manticore
  4640 | D:11     | Killed a manticore
  4640 | D:11     | Reached XP level 11. HP: 87/87 MP: 15/19
  4710 | D:11     | Noticed a red ugly thing
  4719 | D:11     | Found Metodod's Book Boutique,
  4724 | D:11     | Noticed a seven-headed hydra
  4745 | D:11     | Killed a nine-headed hydra
  4745 | D:11     | Reached skill level 5 in Conjurations
  4745 | D:11     | Reached skill level 5 in Hexes
  4745 | D:11     | Reached skill level 5 in Charms
  4745 | D:11     | Reached skill level 5 in Summonings
  4745 | D:11     | Reached skill level 5 in Necromancy
  4745 | D:11     | Reached skill level 5 in Translocations
  4745 | D:11     | Reached skill level 5 in Transmutations
  4745 | D:11     | Reached skill level 5 in Fire Magic
  4745 | D:11     | Reached skill level 5 in Ice Magic
  4745 | D:11     | Reached skill level 5 in Air Magic
  4745 | D:11     | Reached skill level 5 in Earth Magic
  4745 | D:11     | Reached skill level 5 in Poison Magic
  4753 | D:11     | Killed a cyclops
  4795 | D:11     | Bought a scroll of blinking for 90 gold pieces
  4795 | D:11     | Bought a scroll of fog for 24 gold pieces
  4795 | D:11     | Bought a scroll of identify for 24 gold pieces
  4795 | D:11     | Bought a scroll of identify for 24 gold pieces
  4795 | D:11     | Bought 3 scrolls of blinking for 270 gold pieces
  4849 | D:11     | Killed a red ugly thing
  4850 | D:11     | Reached **** piety under Makhleb
  4899 | D:11     | Found a staircase to the Lair,
  4963 | D:11     | Noticed a deep elf mage
  4974 | D:11     | Killed a deep elf mage
  4986 | Lair:1   | Entered Level 1 of the Lair of Beasts
  4998 | Lair:1   | Noticed a four-headed hydra
  5010 | Lair:1   | Killed a one-headed hydra
  5010 | Lair:1   | Reached skill level 7 in Invocations
  5038 | D:12     | Found a staircase to the Orcish Mines,
  5039 | D:12     | Noticed a brown ugly thing
  5049 | D:12     | Killed a brown ugly thing
  5078 | D:12     | Noticed a skeletal warrior
  5080 | D:12     | Noticed a skeletal warrior
  5084 | D:12     | Noticed a skeletal warrior
  5084 | D:12     | Noticed a skeletal warrior
  5118 | D:11     | Killed a skeletal warrior
  5128 | D:11     | Killed a skeletal warrior
  5299 | D:13     | Found a gate leading to a gauntlet,
  5313 | Gauntlet | Entered a Gauntlet
  5313 | Gauntlet | Found a transporter,
  5313 | Gauntlet | Found a large runed translucent door,
  5313 | Gauntlet | Found a large runed translucent door,
  5313 | Gauntlet | Found a large runed translucent door,
  5313 | Gauntlet | Found a large runed translucent door,
  5313 | Gauntlet | Found a runed translucent door,
  5313 | Gauntlet | Found a runed translucent door,
  5313 | Gauntlet | Found a large runed translucent door,
  5313 | Gauntlet | Found a large runed translucent door,
  5313 | Gauntlet | Found a large runed translucent door,
  5313 | Gauntlet | Found a large runed translucent door,
  5313 | Gauntlet | Found a large runed translucent door,
  5313 | Gauntlet | Found a large runed translucent door,
  5314 | Gauntlet | Found a large runed translucent door,
  5314 | Gauntlet | Found a large runed translucent door,
  5322 | Gauntlet | Found a transporter,
  5322 | Gauntlet | Found a large runed translucent door,
  5322 | Gauntlet | Found a large runed translucent door,
  5337 | Gauntlet | Found a transporter,
  5344 | Gauntlet | Found a transporter,
  5365 | Gauntlet | Found a transporter,
  5365 | Gauntlet | Noticed a wretched star
  5378 | Gauntlet | Found a transporter,
  5380 | Gauntlet | Noticed a great orb of eyes
  5385 | Gauntlet | Noticed a green ugly thing
  5386 | Gauntlet | Noticed a red ugly thing
  5388 | Gauntlet | Noticed a great orb of eyes
  5390 | Gauntlet | Found a transporter,
  5402 | Gauntlet | Found a transporter,
  5411 | Gauntlet | Found a transporter,
  5421 | Gauntlet | Found a transporter,
  5421 | Gauntlet | Found a transporter,
  5423 | Gauntlet | Found a transporter,
  5444 | Gauntlet | Noticed a fire crab
  5446 | Gauntlet | Found a transporter,
  5451 | Gauntlet | Found a transporter,
  5493 | Gauntlet | Found a transporter,
  5494 | Gauntlet | Noticed a sixfirhy
  5514 | Gauntlet | Found a large runed translucent door,
  5515 | Gauntlet | Found a large runed translucent door,
  5519 | Gauntlet | Found a runed translucent gate,
  5519 | Gauntlet | Found a runed translucent gate,
  5519 | Gauntlet | Found a runed translucent gate,
  5520 | Gauntlet | Noticed a worldbinder
  5521 | Gauntlet | Found a transporter,
  5551 | Gauntlet | Found a transporter,
  5553 | Gauntlet | Found a transporter,
  5589 | Gauntlet | Noticed a fire crab
  5594 | Gauntlet | Killed a worldbinder
  5594 | Gauntlet | Reached XP level 12. HP: 96/96 MP: 20/22
  5676 | Gauntlet | Got a smoking trident
  5678 | Gauntlet | Got a sparkling turquoise ring
  5686 | Gauntlet | Identified the ring "Seniral" {+Inv rElec rF+ Int+3} (You
                  | found it in a Gauntlet)
  5692 | Gauntlet | Identified the +6 trident "Earthworm" {venom, rC++ Int-3}
                  | (You found it in a Gauntlet)
  5733 | Gauntlet | Noticed a minotaur
  5741 | Gauntlet | Killed a minotaur
  5763 | Gauntlet | Identified the Volume of Quantum Malediction
  6270 | D:12     | Learned a level 1 spell: Animate Skeleton
  6272 | D:12     | Learned a level 1 spell: Apportation
  6339 | D:12     | Reached ***** piety under Makhleb
  6508 | D:12     | Noticed Fannar
  6527 | D:12     | Killed Fannar
  6527 | D:12     | Reached skill level 8 in Invocations
  6611 | D:12     | Identified the +3 leather armour "Nor Gif" {rF++ Str-5}
  6635 | D:12     | Reached skill level 10 in Fighting
  6635 | D:12     | Reached skill level 10 in Armour
  6635 | D:12     | Reached skill level 10 in Shields
  6696 | D:12     | Learned a level 4 spell: Passage of Golubria
  6704 | D:12     | Got a clouded glass ring
  6735 | D:12     | Noticed a rakshasa
  6758 | D:12     | Killed a rakshasa
  6774 | D:12     | Reached XP level 13. HP: 103/103 MP: 21/24
  7203 | D:12     | Identified the ring "Puwnink" {rF+ Str+2 Int+3} (You found
                  | it on level 12 of the Dungeon)
  7206 | Orc:1    | Entered Level 1 of the Orcish Mines
  7294 | Orc:1    | Found a roughly hewn altar of Beogh,
  7315 | Orc:1    | Noticed Jorgrun
  7338 | Orc:1    | Killed Jorgrun
  7364 | Orc:1    | Reached skill level 9 in Invocations
  7515 | Orc:1    | You fall into a shaft and drop 1 floor!
  7515 | Orc:2    | Entered Level 2 of the Orcish Mines
  7515 | Orc:2    | Noticed an ettin
  7526 | Orc:2    | Killed an ettin
  7535 | Orc:2    | Noticed Azrael
  7549 | Orc:2    | Killed Azrael
  7550 | Orc:2    | Reached ****** piety under Makhleb
  7708 | Orc:2    | Noticed Urug
  7722 | Orc:2    | Learned a level 5 spell: Borgnjor's Vile Clutch
  7736 | Orc:2    | Killed Urug
  7763 | Orc:2    | Found a staircase to the Elven Halls,
  7764 | Orc:2    | Found a dark tunnel,
  7802 | Orc:2    | Found a runed translucent door,
  7803 | Orc:2    | Found a shimmering altar of Xom,
  7803 | Orc:2    | Noticed r0y's ghost (journeyman HOFi)
  7803 | Orc:2    | Identified the +4 scimitar of the Shallot {chaos, +Blink
                  | rN+}
  7838 | Orc:2    | Killed r0y's ghost
  7843 | Orc:2    | Got a smoking hand axe
  7845 | Orc:2    | Got a warped jade ring
  7927 | Volcano  | Entered a volcano
  8046 | Volcano  | Found a radiant altar of Vehumet,
  8104 | Volcano  | Reached XP level 14. HP: 110/111 MP: 22/26
  8679 | Orc:2    | Reached skill level 10 in Axes
  8873 | Orc:2    | Found Akkig's Book Boutique,
  8873 | Orc:2    | Found Rungyr's Antique Weapon Boutique,
  8874 | Orc:2    | Found Geppi's Distillery,
  8874 | Orc:2    | Found Toasig's Jewellery Shop,
  8885 | Orc:2    | Bought a book of Minor Magic for 360 gold pieces
  8888 | Orc:2    | Learned a level 2 spell: Blink
  8892 | Orc:2    | Learned a level 3 spell: Mephitic Cloud
  8896 | Orc:2    | Learned a level 3 spell: Conjure Flame
  8896 | Orc:2    | Bought a book of Callings for 540 gold pieces
  8901 | Orc:2    | Learned a level 4 spell: Summon Lightning Spire
  9097 | Orc:1    | Identified the ring "Qisuti" {rElec rF- rC+ rN++ Int+4}
                  | (You found it on level 2 of the Orcish Mines)
  9164 | Orc:2    | Bought a potion of heal wounds for 90 gold pieces
  9164 | Orc:2    | Bought a potion of heal wounds for 90 gold pieces
  9251 | Elf:1    | Entered Level 1 of the Elven Halls
  9403 | Elf:2    | Found Wuts's Jewellery Emporium,
  9403 | Elf:2    | Noticed a deep elf demonologist
  9413 | Elf:2    | Killed a deep elf demonologist
  9450 | Elf:2    | Identified the +7 hand axe of Evisceration {elec, rPois MR-
                  | Str+7} (You found it on level 2 of the Orcish Mines)
  9454 | Elf:2    | Bought a cursed -3 ring of evasion for 30 gold pieces
  9466 | Elf:3    | Entered Level 3 of the Elven Halls
  9633 | Lair:2   | Reached skill level 10 in Invocations
  9897 | Lair:2   | Noticed Gastronok
  9907 | Lair:2   | Killed Gastronok
  9944 | Lair:2   | Found a hole to the Spider Nest,
 10526 | Lair:3   | Found a staircase to the Shoals,
 10587 | Shoals:1 | Entered Level 1 of the Shoals
 10754 | Shoals:1 | Reached XP level 15. HP: 112/119 MP: 28/28
 10960 | Shoals:4 | Entered Level 4 of the Shoals
 11207 | Shoals:4 | Identified Spellcasting, Part Two
 11345 | Shoals:4 | Reached skill level 10 in Short Blades
 11345 | Shoals:4 | Reached skill level 10 in Long Blades
 11345 | Shoals:4 | Reached skill level 10 in Maces & Flails
 11345 | Shoals:4 | Reached skill level 10 in Polearms
 11345 | Shoals:4 | Reached skill level 10 in Staves
 11345 | Shoals:4 | Reached skill level 10 in Slings
 11345 | Shoals:4 | Reached skill level 10 in Bows
 11345 | Shoals:4 | Reached skill level 10 in Crossbows
 11345 | Shoals:4 | Reached skill level 10 in Throwing
 11345 | Shoals:4 | Reached skill level 10 in Dodging
 11345 | Shoals:4 | Reached skill level 10 in Stealth
 11345 | Shoals:4 | Reached skill level 10 in Unarmed Combat
 11345 | Shoals:4 | Reached skill level 10 in Spellcasting
 11345 | Shoals:4 | Reached skill level 10 in Evocations
 11454 | Shoals:4 | Reached skill level 11 in Invocations
 11494 | Shoals:4 | Got a barnacled rune of Zot
 11678 | Shoals:4 | Got a dazzling arbalest
 11795 | Shoals:4 | Reached XP level 16. HP: 127/127 MP: 28/30
 11840 | Shoals:4 | Identified Ypreosy's Collected Works on the Feathery
                  | Volcanoes
 11916 | Lair:3   | Learned a level 5 spell: Summon Forest
 11976 | Lair:1   | Identified the +1 arbalest "Xaexkoost" {elec, rElec Str+2}
                  | (You found it on level 4 of the Shoals)
 11987 | Lair:1   | Upgraded the game from 0.25-a0-699-g25a338df49 to
                  | 0.25-a0-701-gb30f108f01
 12207 | D:13     | Found a gate to the Vaults.
 12254 | Vaults:1 | Entered Level 1 of the Vaults
 12339 | Vaults:1 | Found a ruined gateway.
 12351 | Vaults:1 | Found Goig's Gadget Shoppe.
 12597 | Vaults:1 | Found a flickering gateway to a bazaar.
 12609 | Bazaar   | Entered a bazaar
 12609 | Bazaar   | Found Kocowe's Distillery.
 12609 | Bazaar   | Found Qaojis's Jewellery Shop.
 12609 | Bazaar   | Found Baac's Book Shop.
 12609 | Bazaar   | Found Delank's General Store.
 12633 | Bazaar   | Bought a potion of heal wounds for 40 gold pieces
 12633 | Bazaar   | Bought a potion of heal wounds for 40 gold pieces
 12633 | Bazaar   | Bought a potion of ambrosia for 64 gold pieces
 12633 | Bazaar   | Bought a potion of resistance for 80 gold pieces
 12633 | Bazaar   | Bought a potion of haste for 80 gold pieces
 12633 | Bazaar   | Bought a potion of magic for 64 gold pieces
 12633 | Bazaar   | Bought a potion of curing for 24 gold pieces
 12635 | Bazaar   | Bought a scroll of teleportation for 33 gold pieces
 12635 | Bazaar   | Bought a scroll of identify for 22 gold pieces
 12635 | Bazaar   | Bought a scroll of identify for 22 gold pieces
 12637 | Bazaar   | Bought a potion of might for 32 gold pieces
 12637 | Bazaar   | Bought a potion of mutation for 64 gold pieces
 12697 | Desolati | Entered the Desolation of Salt
 12896 | Desolati | Got a faintly glowing crystal amulet
 12965 | Desolati | Got a warped cloak
 12979 | Desolati | Identified the Papyrus of the Voyage
 12989 | Desolati | Got a faintly glowing turquoise ring
 13089 | Desolati | Reached XP level 17. HP: 133/135 MP: 32/32
 13115 | Desolati | Identified the Volume of Nocuous Shape Shifting
 13130 | Desolati | Identified Sif Muna's Almanac of Toxic Transmutation
 13135 | Desolati | Learned a level 2 spell: Passwall
 13142 | Desolati | Identified a scroll of acquirement
 13142 | Desolati | Identified the +2 bardiche of Valour {venom, rF- rC++} (You
                  | acquired it in the Desolation of Salt)
 13142 | Desolati | Identified the +1 kite shield of Sin {rPois rC+ Int+2
                  | Stlth-} (You acquired it in the Desolation of Salt)
 13187 | Desolati | Got a spiked chain mail
 13208 | Desolati | Identified the -5 cloak of the Comet {rC+} (You found it in
                  | the Desolation of Salt)
 13229 | Desolati | Identified the +7 chain mail of Focus {rElec rPois Int+7
                  | Slay-6} (You found it in the Desolation of Salt)
 13250 | Desolati | Got an ancient broad axe
 13252 | Desolati | Identified the ring "Uskeugyrchu" {rPois MR+ Int-5 Stlth-}
                  | (You found it in the Desolation of Salt)
 13255 | Desolati | Identified the +6 broad axe of the Skies Above {freeze,
                  | rElec} (You found it in the Desolation of Salt)
 13317 | Desolati | Reached skill level 12 in Invocations
 13748 | Vaults:1 | Found Wasty's Armour Shoppe.
 13983 | Vaults:2 | Noticed Xtahua
 14348 | Vaults:1 | Found Yshraarit's Antique Weapon Shoppe.
 14479 | Vaults:1 | Bought a wand of acid (8) for 360 gold pieces
 14509 | D:13     | Learned a level 4 spell: Olgreb's Toxic Radiance
 14971 | D:15     | Entered Level 15 of the Dungeon
 15050 | D:15     | Reached skill level 10 in Conjurations
 15050 | D:15     | Reached skill level 10 in Hexes
 15050 | D:15     | Reached skill level 10 in Charms
 15050 | D:15     | Reached skill level 10 in Summonings
 15050 | D:15     | Reached skill level 10 in Necromancy
 15050 | D:15     | Reached skill level 10 in Translocations
 15050 | D:15     | Reached skill level 10 in Transmutations
 15050 | D:15     | Reached skill level 10 in Fire Magic
 15050 | D:15     | Reached skill level 10 in Ice Magic
 15050 | D:15     | Reached skill level 10 in Air Magic
 15050 | D:15     | Reached skill level 10 in Earth Magic
 15050 | D:15     | Reached skill level 10 in Poison Magic
 15250 | D:15     | Reached XP level 18. HP: 143/143 MP: 31/33
 15668 | D:15     | Found a staircase to the Depths.
 15674 | Depths:1 | Entered Level 1 of the Depths
 16013 | Depths:1 | Reached skill level 13 in Invocations
 16196 | Depths:1 | Noticed Asterion
 16359 | Depths:1 | Killed Asterion
 16447 | Depths:1 | Found a shimmering altar of Xom.
 16546 | Depths:1 | Found a gateway to Hell.
 16759 | Depths:2 | Reached XP level 19. HP: 112/151 MP: 24/35
 17039 | Depths:2 | Identified the amulet "Abryil" {Reflect Int+5 SH+6} (You
                  | found it in the Desolation of Salt)
 17179 | Depths:2 | Noticed the Enchantress
 17189 | Depths:2 | Killed the Enchantress
 17232 | Depths:2 | Found a large runed translucent door.
 17233 | Depths:2 | Found a large runed translucent door.
 17396 | Depths:2 | Noticed a bone dragon
 17491 | Depths:2 | Noticed a bone dragon
 17497 | Depths:2 | Noticed a lich
 17503 | Depths:2 | Killed a lich
 17517 | Depths:2 | Killed a bone dragon
 17523 | Depths:2 | Noticed a bone dragon
 17547 | Depths:2 | Killed a bone dragon
 17576 | Depths:2 | Killed a bone dragon
 17839 | Depths:2 | Found the +4 dagger "Morg" {pain, MR+ Int+5}
 17858 | Depths:2 | Learned a level 5 spell: Irradiate
 18063 | Depths:3 | Reached XP level 20. HP: 115/159 MP: 7/36
 18068 | Depths:3 | Reached skill level 14 in Invocations
 18689 | D:11     | Bought a scroll of brand weapon for 240 gold pieces
 18689 | D:11     | Bought a scroll of enchant weapon for 90 gold pieces
 18738 | D:10     | You paid a toll of a +5 demon blade to enter a treasure
                  | trove
 18739 | Trove    | Entered a treasure trove
 18742 | Trove    | Found the +7 Singing Sword {vorpal, sonic wave}
 18748 | Trove    | Got an ancient rapier
 18752 | Trove    | Identified the cursed +0 rapier of Prudence {vorpal, rF+}
                  | (You found it in a treasure trove)
 18939 | Spider:1 | Entered Level 1 of the Spider Nest
 19105 | Spider:1 | Noticed Kirke
 19113 | Spider:1 | Killed Kirke
 19395 | Spider:3 | Found a runed translucent door.
 19397 | Spider:3 | Noticed Byowopamp's ghost (adept DEWz)
 19411 | Spider:3 | Killed Byowopamp's ghost
 19412 | Spider:3 | Identified the Disquisition on Good Luck and Summoning
 19672 | Spider:4 | Entered Level 4 of the Spider Nest
 20205 | Spider:4 | Got a gossamer rune of Zot
 20306 | Spider:4 | Reached XP level 21. HP: 166/166 MP: 28/38
 20559 | Lair:5   | Found a staircase to the Slime Pits.
 20588 | Lair:5   | Learned a level 6 spell: Shadow Creatures
 20649 | Slime:1  | Entered Level 1 of the Pits of Slime
 20754 | Slime:3  | Noticed Dissolution
 20769 | Slime:3  | Killed Dissolution
 20996 | Slime:4  | Gained mutation: You are weak. (Str -2) [a shining eye]
 21167 | Slime:5  | Entered Level 5 of the Pits of Slime
 21194 | Slime:5  | Reached skill level 15 in Fighting
 21194 | Slime:5  | Reached skill level 15 in Armour
 21194 | Slime:5  | Reached skill level 15 in Shields
 21371 | Slime:5  | Found a viscous altar of Jiyva.
 21372 | Slime:5  | Noticed the Royal Jelly
 21422 | Slime:5  | Reached skill level 15 in Invocations
 21472 | Slime:5  | Killed the Royal Jelly
 21608 | Slime:5  | Found the ring of the Octopus King
 21625 | Slime:5  | Got a slimy rune of Zot
 21649 | Slime:5  | Got a ring of the Octopus King
 21651 | Slime:5  | Identified a ring of the Octopus King {rF+ AC+1 EV+1 Str+1
                  | Int+1 Dex+1} (You found it on level 5 of the Pits of Slime)
 21669 | Slime:5  | Identified the +4 falchion of Duiczoh {vorpal, rF- Dex+5}
                  | (You found it on level 5 of the Pits of Slime)
 21688 | Slime:5  | Identified Faguz's Disquisition on Captivating Summoning
 21692 | Slime:5  | Identified Taogasuf's Lost Tome of the Archmage
 21747 | Slime:5  | Identified the +0 pair of gloves of Beyond {rN+ MR+ Dex-3}
                  | (You found it on level 5 of the Pits of Slime)
 21748 | Slime:5  | Identified the +8 chain mail "Guasips" {rPois Str+3} (You
                  | found it on level 5 of the Pits of Slime)
 21749 | Slime:5  | Got a pair of warped boots
 21760 | Slime:5  | Identified the +1 pair of boots "Arossas" {Dex+3 Stlth+}
                  | (You found it on level 5 of the Pits of Slime)
 21762 | Slime:5  | Got an ivory falchion
 21763 | Slime:5  | Identified the +7 falchion of the Hawk {freeze, rN+} (You
                  | found it on level 5 of the Pits of Slime)
 21775 | Slime:5  | Got a dazzling mace
 21776 | Slime:5  | Identified the +4 mace of Jedoggeo {vorpal, rElec} (You
                  | found it on level 5 of the Pits of Slime)
 21842 | Lair:5   | Identified the amulet "Louciq" {Reflect +Blink rN+ MP-9
                  | Str+4 SH+4} (You acquired it on level 5 of the Lair of
                  | Beasts)
 22518 | Elf:3    | Found Afahuq's General Store.
 22527 | Elf:3    | Bought a potion of heal wounds for 55 gold pieces
 22527 | Elf:3    | Bought 2 potions of heal wounds for 110 gold pieces
 22527 | Elf:3    | Bought a scroll of identify for 22 gold pieces
 22527 | Elf:3    | Bought a potion of stabbing for 44 gold pieces
 22527 | Elf:3    | Bought a ration for 55 gold pieces
 22580 | Elf:3    | Reached XP level 22. HP: 175/175 MP: 23/40
 22864 | Elf:3    | Identified the +5 morningstar of Jaill {speed, MP+9 Dex+4}
 22864 | Elf:3    | Identified a ring of the Octopus King {rN+ AC+1 EV+1 Str+1
                  | Int+1 Dex+1}
 23268 | Elf:3    | Found the -2 hat of the Alchemist {rElec rPois rF+ rC+ rN+
                  | MR+ rMut rCorr}
 23280 | Elf:3    | Identified the Almanac of Cloudy Execration
 23322 | Elf:3    | Got a pair of transparent boots
 23324 | Elf:3    | Found the +8 orange crystal plate armour {Archmagi, Int+3
                  | Clar}
 23344 | Elf:3    | Identified the cursed +0 pair of boots of Cheibriados's
                  | Anger {+Blink Str+6 Int+4 Slay-5} (You found it on level 3
                  | of the Elven Halls)
 23613 | Lair:1   | Learned a level 7 spell: Malign Gateway
 23704 | D:13     | Learned a level 6 spell: Statue Form
 23740 | D:13     | Upgraded the game from 0.25-a0-701-gb30f108f01 to
                  | 0.25-a0-705-ge9988fc0fb
 23873 | Hell     | Entered the Vestibule of Hell
 23873 | Hell     | Noticed Geryon
 23888 | Hell     | Gained mutation: Your magical capacity is low. (-10% MP) [a
                  | cacodemon]
 23901 | Hell     | Reached skill level 15 in Axes
 23923 | Hell     | Reached skill level 16 in Invocations
 23924 | Hell     | Killed Geryon
 24114 | Hell     | Found a gateway to the decaying netherworld of Tartarus.
 24365 | Depths:3 | Found a one-way gate leading to the halls of Pandemonium.
 24388 | Pan      | Entered Pandemonium
 24619 | Pan      | Noticed Qarik the pandemonium lord
 24643 | Pan      | Killed Qarik the pandemonium lord
 24733 | Pan      | Reached XP level 23. HP: 183/183 MP: 37/37
 25300 | Pan      | Got an encrusted dagger
 25358 | Pan      | Identified the +2 dagger "Riasirig" {venom, *Noise rPois
                  | Dex+2 SInv} (You found it in Pandemonium)
 25748 | Pan      | Reached skill level 17 in Invocations
 25854 | Pan      | Noticed Qoenohyg the pandemonium lord
 25876 | Pan      | Killed Qoenohyg the pandemonium lord
 25876 | Pan      | Reached skill level 15 in Short Blades
 25876 | Pan      | Reached skill level 15 in Long Blades
 25876 | Pan      | Reached skill level 15 in Maces & Flails
 25876 | Pan      | Reached skill level 15 in Polearms
 25876 | Pan      | Reached skill level 15 in Staves
 25876 | Pan      | Reached skill level 15 in Slings
 25876 | Pan      | Reached skill level 15 in Bows
 25876 | Pan      | Reached skill level 15 in Crossbows
 25876 | Pan      | Reached skill level 15 in Throwing
 25876 | Pan      | Reached skill level 15 in Dodging
 25876 | Pan      | Reached skill level 15 in Stealth
 25876 | Pan      | Reached skill level 15 in Unarmed Combat
 25876 | Pan      | Reached skill level 15 in Spellcasting
 25876 | Pan      | Reached skill level 15 in Evocations
 25901 | Pan      | HP: 14/358 [gelid demonspawn/+0 demon whip of freezing
                  | (31)]
 25902 | Pan      | Blown up by a cacodemon

Levels and vault maps discovered:
D:1:      mrwooster_arrival_statue, layout_basic
D:2:      layout_basic, st_stairs_11
D:3:      layout_loops_corners, lemuel_old_faithful
D:4:      layout_rooms, grunt_decor_one_mirror
D:5:      layout_rooms, marbit_many_paths, first_ration, basic_altar
D:6:      layout_rooms, old_standard_altar, grunt_qazlal_sundering,
          minmay_temple_entry_statues_pillars, nicolae_ru_sacrificial_ziggurat
D:7:      layout_loops_ring, gammafunk_temple_overflow_claw
D:8:      layout_layer_cave, elyvilon_altar_5, lemuel_round_altar, serial_shops,
          shop, basic_altar
D:9:      layout_cross, grunt_temple_overflow_gold_and_silver, serial_rivers,
          chequers_serial_rivers_room_b, chequers_serial_rivers_small_a,
          chequers_serial_rivers_micro_e, chequers_serial_rivers_large_a,
          serial_shops, shop_fountains, uniq_erolcha
D:10:     layout_rooms, serial_shops, shop, enter_trove_3, blue_anna_alchemist
          [blue_anna_fruit_fields, blue_anna_fruit_fields],
          minmay_quadrilaterals
D:11:     layout_cave_pools, erik_lair_island, basic_altar, serial_shops, shop,
          nicolae_shop_waterfront, kennysheep_mini, shop
D:12:     minmay_the_grid_3x3 [minmay_the_grid_pillar_ring,
          minmay_the_grid_garden, minmay_the_grid_diamond_grid,
          minmay_the_grid_small_cups, minmay_the_grid_spin_star,
          minmay_the_grid_minigrid_small_alt, minmay_the_grid_zigzag_pyramid,
          minmay_the_grid_aliased_spiral, minmay_the_grid_prize_trominoes],
          layout_cave_pods, orc_0_dummy, uniq_fannar
D:13:     layout_basic, hangedman_vaults_entry_quadrant_bands,
          gauntlet_entry_generic
D:14:     layout_rooms
D:15:     grunt_enter_depths_magical_seal, layout_grid_maze
Temple:   nicolae_temple_no_exploring_needed
Lair:1:   layout_cave_pods
Lair:2:   layout_cave_pods, nicolae_spider_entry_orb_guardian,
          grunt_megastairs_5, uniq_gastronok
Lair:3:   layout_layer_cave, minmay_shoals_entry_beasts, beast_lair_carwin_11,
          serial_bayou_shore_b, infiniplex_staircase_pool_2,
          serial_bayou_shore_b
Lair:4:   layout_cave_pods, basic_altar, infiniplex_staircase_pool
Lair:5:   layout_cave_pods, minmay_slime_entry_pillars, grunt_megastairs_3
Shoals:1: layout_shoals, serial_shops, nicolae_shop_stone
Shoals:2: layout_shoals
Shoals:3: layout_shoals, nicolae_shoals_c_island, uniq_ilsuiw
Shoals:4: shoals_end_simple, layout_shoals
Spider:1: layout_spider_delve, uniq_kirke
Spider:2: layout_spider_delve, nicolae_orb_stairs
Spider:3: layout_spider_delve, ebering_ghost_reflecting_pool,
          nicolae_spider_nook
Spider:4: grunt_spider_rune_circles, guppyfry_spider_mini_3
Slime:1:  layout_caves
Slime:2:  layout_caves
Slime:3:  layout_caves, dissolution_awaits
Slime:4:  layout_caves
Slime:5
Orc:1:    layout_diamond_mine, minmay_orc_temple_a, uniq_jorgrun
Orc:2:    st_orc_pillars, layout_caves, enter_volcano_2, ebering_ghost_xom,
          uniq_urug, uniq_azrael
Elf:1:    kennysheep_six_static_rooms, layout_geoelf_grid, serial_shops,
          shop_statue, hangedman_elf_disciples, minmay_shop_grove
Elf:2:    layout_geoelf_diagonals, minmay_shop_enchanted_jewellery,
          minmay_misc_feat_rows, hex_tiny, uniq_louise, uniq_saint_roka
Elf:3:    elf_hall, layout_gridlike, serial_shops, shop_statue
Vaults:1: hangedman_vaults_stagger, nicolae_vaults_windows_and_doors_thing,
          vaults_standard_mumra_enter_the_diamond, nicolae_vaults_big_ls,
          ontoclasm_vaults_loading_screen, hangedman_vaults_corner_blocks,
          nicolae_vaults_shelves_hall, v_misc_10, ontoclasm_vaults_bender,
          hangedman_vaults_locks, layout_vaults_maze_snakey,
          portal_desolation_entry_nicolae_nacl, serial_shops, bzr_in_the_mist,
          nicolae_shop_crystal, shop, nicolae_shop_waterfront
Vaults:2: vaults_room_hallway, hangedman_vaults_restitches,
          ontoclasm_vaults_claustrophobia, v_rooms_4, v_misc_23, v_misc_22,
          nicolae_vaults_little_squares_4, hangedman_vaults_corner,
          nicolae_vaults_network_s, v_rooms_4, nicolae_vaults_fighting_squares,
          v_misc_26, nicolae_vaults_little_squares_1, v_misc_8, v_misc_16,
          layout_vaults_omnibox, serial_shops, shop, shop, shop,
          nicolae_shop_behind_doors, shop, uniq_xtahua
Depths:1: layout_gridlike, grunt_hell_horde, grunt_decor_fettered, tgw_xom,
          uniq_asterion
Depths:2: lightli_eight_chambers, layout_basic, chequers_serial_rivers_micro_a,
          hell_entry, kennysheep_generic_room_6, uniq_enchantress
Depths:3: evilmike_cross, layout_basic, rand_demon_pan_entry_1, kennysheep_nub,
          abyss_entry_small_statue_room, hell_entry, kennysheep_generic_room_10,
          firewood_loft
Hell
Pan:      evilmike_mini_pan_pillars_b, layout_irregular_city,
          lemuel_hellion_island, layout_gridlike, grunt_pan_in_and_out,
          layout_irregular_city, pan_blood_fountain, nicolae_pan_cerebovesque_2,
          evilmike_mini_pan_branches, layout_basic, rand_demon_5,
          layout_grid_shapes, pan_blood_fountain, gammafunk_the_bubble
          [the_bubble_gammafunk_crates], layout_onion_city,
          evilmike_mini_pan_possible_glass, layout_pan_divisions_a
          [pan_division_quadrant_a4, pan_division_quadrant_a2,
          pan_division_quadrant_a3, pan_division_quadrant_a2,
          pan_division_octagon_rings]

Skill      XL: |  1  2  3  4  5  6  7  8  9 10 11 12 13 14 15 16 17 18 19 20 21 22 23 |
---------------+----------------------------------------------------------------------+-----
Invocations    | 1 2 3 4 5 6 7 8 9 10 11 12 13 14 15 16 17 | 17.2
Short Blades   | 1 2 3 4 5 6 7 8 9 10 11 12 13 14 15 | 15.0
Long Blades    | 1 2 3 4 5 6 7 8 9 10 11 12 13 14 15 | 15.0
Maces & Flails | 1 2 3 4 5 6 7 8 9 10 11 12 13 14 15 | 15.0
Polearms       | 1 2 3 4 5 6 7 8 9 10 11 12 13 14 15 | 15.0
Staves         | 1 2 3 4 5 6 7 8 9 10 11 12 13 14 15 | 15.0
Slings         | 1 2 3 4 5 6 7 8 9 10 11 12 13 14 15 | 15.0
Bows           | 1 2 3 4 5 6 7 8 9 10 11 12 13 14 15 | 15.0
Crossbows      | 1 2 3 4 5 6 7 8 9 10 11 12 13 14 15 | 15.0
Throwing       | 1 2 3 4 5 6 7 8 9 10 11 12 13 14 15 | 15.0
Dodging        | 1 2 3 4 5 6 7 8 9 10 11 12 13 14 15 | 15.0
Stealth        | 1 2 3 4 5 6 7 8 9 10 11 12 13 14 15 | 15.0
Unarmed Combat | 1 2 3 4 5 6 7 8 9 10 11 12 13 14 15 | 15.0
Spellcasting   | 1 2 3 4 5 6 7 8 9 10 11 12 13 14 15 | 15.0
Evocations     | 1 2 3 4 5 6 7 8 9 10 11 12 13 14 15 | 15.0
Conjurations   | 1 2 3 4 5 6 7 8 9 10 11 12 | 12.9
Hexes          | 1 2 3 4 5 6 7 8 9 10 11 12 | 12.9
Charms         | 1 2 3 4 5 6 7 8 9 10 11 12 | 12.9
Summonings     | 1 2 3 4 5 6 7 8 9 10 11 12 | 12.9
Necromancy     | 1 2 3 4 5 6 7 8 9 10 11 12 | 12.9
Translocations | 1 2 3 4 5 6 7 8 9 10 11 12 | 12.9
Transmutations | 1 2 3 4 5 6 7 8 9 10 11 12 | 12.9
Fire Magic     | 1 2 3 4 5 6 7 8 9 10 11 12 | 12.9
Ice Magic      | 1 2 3 4 5 6 7 8 9 10 11 12 | 12.9
Air Magic      | 1 2 3 4 5 6 7 8 9 10 11 12 | 12.9
Earth Magic    | 1 2 3 4 5 6 7 8 9 10 11 12 | 12.9
Poison Magic   | 1 2 3 4 5 6 7 8 9 10 11 12 | 12.9
Axes           | 5 6 7 8 9 10 11 12 13 14 15 | 15.5
Fighting       | 7 8 9 10 11 12 13 14 15 16 | 16.0
Armour         | 7 8 9 10 11 12 13 14 15 16 | 16.0
Shields        | 7 8 9 10 11 12 13 14 15 16 | 16.0

Action                   |  1- 3 |  4- 6 |  7- 9 | 10-12 | 13-15 | 16-18 | 19-21 | 22-24 || total
-------------------------+-------+-------+-------+-------+-------+-------+-------+-------++-------
Melee: War axe           |    73 |    65 |       |       |       |       |       |       ||   138
       Bite              |     6 |    11 |    15 |    72 |    97 |   148 |   141 |    58 ||   548
       Broad axe         |       |    22 |   169 |   417 |   521 |   890 |   936 |   340 ||  3295
       Hand axe          |       |       |       |     5 |    38 |     5 |       |       ||    48
       Trident           |       |       |       |    20 |    48 |    21 |   130 |    19 ||   238
       Quick blade       |       |       |       |       |       |       |    42 |    38 ||    80
       Staff             |       |       |       |       |       |       |     3 |       ||     3
Throw: Dart              |     7 |     8 |     3 |       |       |       |     3 |    14 ||    35
       Boomerang         |       |     4 |    25 |    76 |   243 |   131 |   313 |   135 ||   927
       Javelin           |       |       |       |    23 |    13 |    61 |    20 |     8 ||   125
       Throwing net      |       |       |       |       |       |       |       |     4 ||     4
 Cast: Apportation       |       |       |       |       |    87 |    51 |   146 |    76 ||   360
       Animate Skeleton  |       |       |       |       |   100 |   114 |    54 |    29 ||   297
       Mephitic Cloud    |       |       |       |       |    34 |    50 |    47 |     9 ||   140
       Passage of Golubr |       |       |       |       |    14 |    39 |    54 |    25 ||   132
       Blink             |       |       |       |       |    10 |    13 |    24 |    17 ||    64
       Borgnjor's Vile C |       |       |       |       |    22 |    46 |    73 |    93 ||   234
       Summon Lightning  |       |       |       |       |     7 |    18 |    71 |    17 ||   113
       Passwall          |       |       |       |       |       |    95 |   112 |    94 ||   301
       Conjure Flame     |       |       |       |       |       |     2 |     1 |       ||     3
       Olgreb's Toxic Ra |       |       |       |       |       |       |    10 |     8 ||    18
       Summon Forest     |       |       |       |       |       |       |     9 |     4 ||    13
       Shadow Creatures  |       |       |       |       |       |       |     5 |       ||     5
       Malign Gateway    |       |       |       |       |       |       |       |     7 ||     7
       Statue Form       |       |       |       |       |       |       |       |     8 ||     8
Invok: Minor Destruction |       |       |       |     1 |       |       |       |       ||     1
       Lesser Servant of |       |       |       |     1 |     5 |       |     6 |       ||    12
       Major Destruction |       |       |       |       |     3 |       |       |       ||     3
       Greater Servant o |       |       |       |       |     2 |     5 |     2 |     1 ||    10
 Abil: Evoke Invisibilit |       |       |       |       |     2 |       |     7 |     1 ||    10
       End Transformatio |       |       |       |       |       |       |       |     1 ||     1
Evoke: Wand              |       |       |     4 |    28 |    36 |     5 |    10 |     3 ||    86
       Phial of floods   |       |       |       |       |     1 |     1 |     1 |       ||     3
       Staff of energy   |       |       |       |       |       |       |    14 |    98 ||   112
       Box of beasts     |       |       |       |       |       |       |     2 |       ||     2
       Horn of Geryon    |       |       |       |       |       |       |       |     1 ||     1
  Use: Scroll            |     3 |     3 |     5 |    12 |     6 |     8 |    22 |     5 ||    64
       Potion            |       |       |       |     4 |     3 |     1 |     2 |     4 ||    14
 Stab: Paralysed         |       |       |       |    11 |       |     6 |       |       ||    17
       Sleeping          |       |       |       |     2 |     9 |    18 |    11 |     5 ||    45
       Confused          |       |       |       |     1 |    14 |    48 |    37 |     3 ||   103
       Invisible         |       |       |       |       |     5 |       |    15 |       ||    20
       Distracted        |       |       |       |       |     8 |    14 |    27 |     4 ||    53
       Petrified         |       |       |       |       |       |       |     6 |       ||     6
       Petrifying        |       |       |       |       |       |       |     2 |       ||     2
       Held in net/web   |       |       |       |       |       |       |       |     4 ||     4
  Eat: Chunk             |       |     3 |     9 |    11 |    22 |    24 |    18 |     9 ||    96
       Ration            |       |       |       |       |       |       |     3 |     3 ||     6
Armor: Scale mail        |    14 |       |       |       |       |       |       |       ||    14
       Chain mail        |    11 |    39 |    30 |   116 |       |       |    11 |     2 ||   209
       Plate armour      |       |       |    10 |       |       |       |       |       ||    10
       Skin              |       |       |       |     4 |       |       |       |    69 ||    73
       Quicksilver drago |       |       |       |    48 |   136 |   163 |    97 |       ||   444
       Acid dragon scale |       |       |       |       |       |       |   214 |    83 ||   297
Dodge: Dodged            |    23 |    26 |    32 |   133 |   228 |   327 |   401 |   273 ||  1443
Block: Kite shield       |    42 |    47 |    80 |   277 |   422 |   565 |  1039 |   581 ||  3053
       Reflection        |       |       |       |       |       |       |    30 |    19 ||    49

Table legend:
 A = Non-vault XP
 B = Vault XP
 C = Vault XP percentage of total XP
 D = Non-vault monster count
 E = Vault monster count
 F = Vault count percentage of total count
                 A         B        C        D         E       F
            +---------+---------+-------+---------+---------+-------
      Total |  433541 |  348520 |  44.6 |    1115 |     633 |  36.2
            +---------+---------+-------+---------+---------+-------
        D:1 |      39 |       0 |   0.0 |      22 |       0 |   0.0
        D:2 |      16 |       6 |  27.3 |      10 |       4 |  28.6
        D:3 |      51 |       0 |   0.0 |      18 |       0 |   0.0
        D:4 |     283 |       0 |   0.0 |       8 |       0 |   0.0
        D:5 |     666 |      44 |   6.2 |      17 |       1 |   5.6
        D:6 |     139 |       0 |   0.0 |       4 |       0 |   0.0
        D:7 |     656 |       0 |   0.0 |      17 |       0 |   0.0
        D:8 |     582 |       0 |   0.0 |      20 |       0 |   0.0
        D:9 |    1536 |     985 |  39.1 |      15 |       1 |   6.2
       D:10 |    2061 |     531 |  20.5 |      32 |       7 |  17.9
       D:11 |    7381 |     811 |   9.9 |      38 |       8 |  17.4
       D:12 |    6749 |    9263 |  57.9 |      22 |      41 |  65.1
       D:13 |    2600 |    3437 |  56.9 |      24 |      17 |  41.5
       D:14 |   12441 |       0 |   0.0 |      28 |       0 |   0.0
       D:15 |   11646 |    7536 |  39.3 |      40 |      11 |  21.6
     Lair:1 |     924 |       0 |   0.0 |       1 |       0 |   0.0
     Lair:2 |    2471 |    2712 |  52.3 |      10 |       8 |  44.4
     Lair:3 |    1968 |    1438 |  42.2 |      12 |       9 |  42.9
     Lair:4 |    1593 |       0 |   0.0 |       8 |       0 |   0.0
     Lair:5 |     201 |     484 |  70.7 |       1 |       4 |  80.0
   Shoals:1 |    7960 |       0 |   0.0 |      21 |       0 |   0.0
   Shoals:2 |    4799 |       0 |   0.0 |      13 |       0 |   0.0
   Shoals:3 |    2637 |     466 |  15.0 |       7 |       1 |  12.5
   Shoals:4 |   16031 |   18362 |  53.4 |      39 |      39 |  50.0
   Spider:1 |   11918 |    2107 |  15.0 |      32 |       1 |   3.0
   Spider:2 |    8162 |    2629 |  24.4 |      25 |       5 |  16.7
   Spider:3 |   11809 |     973 |   7.6 |      34 |       1 |   2.9
   Spider:4 |   13302 |   22562 |  62.9 |      55 |      44 |  44.4
    Slime:1 |    2021 |       0 |   0.0 |       2 |       0 |   0.0
    Slime:2 |    6555 |       0 |   0.0 |      15 |       0 |   0.0
    Slime:3 |    4913 |   10788 |  68.7 |       7 |       1 |  12.5
    Slime:4 |   14961 |       0 |   0.0 |      25 |       0 |   0.0
    Slime:5 |   13404 |   27555 |  67.3 |      29 |      15 |  34.1
      Orc:1 |    3230 |    3085 |  48.9 |      40 |       8 |  16.7
      Orc:2 |    3030 |   13806 |  82.0 |      30 |      73 |  70.9
      Elf:1 |    4163 |     442 |   9.6 |      12 |       2 |  14.3
      Elf:2 |    9857 |       0 |   0.0 |      19 |       0 |   0.0
      Elf:3 |   27549 |   31850 |  53.6 |      49 |      24 |  32.9
   Vaults:1 |   26991 |   28396 |  51.3 |      62 |      54 |  46.6
   Vaults:2 |     859 |     225 |  20.8 |       1 |       1 |  50.0
   Depths:1 |   53407 |    5927 |  10.0 |      80 |      19 |  19.2
   Depths:2 |   26660 |   50305 |  65.4 |      36 |      52 |  59.1
   Depths:3 |   20073 |   13766 |  40.7 |      32 |      17 |  34.7
       Hell |   22283 |   20479 |  47.9 |      33 |      34 |  50.7
        Pan |   62964 |   26437 |  29.6 |      70 |      19 |  21.3
    Volcano |       0 |    3860 | 100.0 |       0 |      17 | 100.0
 Desolation |       0 |   33985 | 100.0 |       0 |      86 | 100.0
   Gauntlet |       0 |    3268 | 100.0 |       0 |       9 | 100.0
            +---------+---------+-------+---------+---------+-------
